 Dungeon Crawl Stone Soup version 0.27-a0-1147-gb3d8e82157 (webtiles) character file.

Game seed: 15774947193205818544

737 Ijustatesigmund the Chopper (level 7, -2/50 HPs)
             Began as an Octopode Fighter on May 11, 2021.
             Slain by an adder skeleton (3 damage)
             ... on level 4 of the Dungeon.
             The game lasted 00:05:01 (3909 turns).

Ijustatesigmund the Chopper (Octopode Fighter)      Turns: 3909, Time: 00:05:02

Health: -2/50      AC:  1    Str: 16    XL:     7   Next: 74%
Magic:  7/7        EV: 12    Int: 11    God:
Gold:   72         SH: 10    Dex: 12    Spells: 6/6 levels left

rFire    . . .     SeeInvis .   a - +0 war axe
rCold    . . .     Faith    .   b - +1 kite shield
rNeg     + . .     Spirit   .   (helmet restricted)
rPois    .         Reflect  .   (no amulet)
rElec    .         Harm     .   e - ring of positive energy
rCorr    .         Rampage  .   h - ring of flight
Will     .....                  (no ring)
Stlth    ++........             (no ring)
HPRegen  0.16/turn              (no ring)
MPRegen  0.10/turn              (no ring)
                                (no ring)
                                (no ring)

@: mighty, flying
A: almost no armour, amphibious, 8 rings, camouflage 1, gelatinous body 1,
(nimble swimmer 1), tentacles
a: no special abilities


You were on level 4 of the Dungeon.
You visited 1 branch of the dungeon, and saw 4 of its levels.

You collected 72 gold pieces.

Inventory:

Hand Weapons
 a - a +0 war axe (weapon)
Missiles
 d - 17 poisoned darts (quivered)
Armour
 b - a +1 kite shield (worn)
Jewellery
 e - a ring of positive energy (left tentacle)
 h - a ring of flight (right tentacle)
Wands
 l - a wand of paralysis (7)
Scrolls
 n - a scroll of blinking {unknown}
Potions
 f - a potion of cancellation {unknown}
 g - a potion of heal wounds {unknown}
 i - a potion of flight {unknown}
 j - a potion of degeneration {unknown}
 k - a potion of curing {unknown}
 m - 2 potions of magic {unknown}


   Skills:
 + Level 5.3 Fighting
 + Level 5.9 Axes
 + Level 4.1 Dodging
 + Level 4.2 Shields


You had 6 spell levels left.
You didn't know any spells.
Your spell library contained the following spells:

 Spells                   Type           Power      Damage    Failure   Level
 Summon Small Mammal      Summ           0%         N/A       82%         1
 Call Imp                 Summ           0%         N/A       91%         2
 Call Canine Familiar     Summ           0%         N/A       99%         3
 Summon Guardian Golem    Hex/Summ       0%         N/A       99%         3
 Summon Ice Beast         Ice/Summ       0%         N/A       100%        4
 Summon Lightning Spire   Summ/Air       0%         N/A       100%        4


Dungeon Overview and Level Annotations

Branches:
Dungeon (4/15)
 Temple: D:4-7

Altars:

Annotations:
D:3 3 runed translucent doors, Mandevil's ghost, amateur OpBe


Innate Abilities, Weirdness & Mutations

You cannot wear most types of armour.
You are amphibious.
You can wear up to eight rings at the same time.
Your skin changes colour to match your surroundings (Stealth+).
Your rubbery body absorbs attacks. (AC +1, EV +1)
((You are camouflaged near water. (Stealth+)))
You have tentacles for arms and can constrict up to eight enemies at once.


Message History

A gnoll comes into view. It is wielding a +0 long sword.
A gnoll comes into view. It is wielding a +0 halberd.
Your Dodging skill increases to level 4!
Your Shields skill increases to level 4!
Aiming: Paralyse
Press: ? - help, Shift-Dir - straight line, f - black bear
Aim: a black bear (chance to affect: 46%)
The black bear suddenly stops moving!
The helpless black bear fails to defend itself.
You slash the black bear! You grab the black bear.
The black bear is moderately wounded.
You constrict the black bear.
The helpless black bear fails to defend itself.
You hit the black bear. You squeeze the black bear!
The black bear is almost dead.
You constrict the black bear.
You kill the black bear!
You block the gnoll's attack.
Aiming: Paralyse
Press: ? - help, Shift-Dir - straight line, f - gnoll
Aim: a gnoll, wielding a +2 flail of draining and wearing a +0 robe (chance to affect: 54%)
The gnoll suddenly stops moving!
The gnoll hits you from afar with a +0 halberd.
The helpless gnoll fails to defend itself.
You slash the gnoll! You grab the gnoll. You squeeze the gnoll.
You kill the gnoll!
A quokka comes into view.
The gnoll zaps a wand.
The mass of ice explodes!
The iceblast engulfs you!!
You feel very mighty all of a sudden. You block the gnoll's attack.
You block the adder skeleton's attack.
You barely miss the adder skeleton. You grab the adder skeleton.
You squeeze the adder skeleton!
The adder skeleton is almost destroyed.
You constrict the adder skeleton. The adder skeleton closely misses you.
The gnoll hits you from afar with a +0 halberd!
* * * LOW HITPOINT WARNING * * *
The gnoll hits you from afar with a +0 halberd.
* * * LOW HITPOINT WARNING * * *
The adder skeleton bites you.
You die...

##...# ##.## #.# ##..
##... ...# #.# #.. #.##
###.# #.# #.. #. #+# #.#
#.. ... #.# #.. ....
#####.## ....( #......#
.....g####...#..#######.
....rwZ@........†..(....
.?..gg####......########
..... #......# ....
###.#### ... #.# .. #.#
# #.# #.# #.#


You could see 3 gnolls, a dart slug, a quokka and an adder skeleton.

Vanquished Creatures
  Sigmund (D:2)
  2 black bears (D:4)
  A scorpion (D:4)
  An orc priest (D:4)
  Jessica (D:2)
  A bullfrog skeleton (D:2)
  2 iguanas (D:4)
  Natasha (thrice) (D:2)
  A gnoll (D:4)
  7 adders
  2 worms
  A dart slug (D:4)
  5 orcs
  9 endoplasms
  4 giant cockroaches
  6 goblins
  5 hobgoblins
  3 jackals (D:1)
  4 ball pythons
  3 bats
  3 frilled lizards
  3 kobolds
  6 rats
74 creatures vanquished.

Notes
Turn   | Place    | Note
-------+----------+-------------------------------------------
     0 | D:1      | Ijustatesigmund the Octopode Fighter began the quest for
                  | the Orb.
     0 | D:1      | Reached XP level 1. HP: 16/16 MP: 1/1
    84 | D:1      | Found a faded altar of an unknown god.
   167 | D:1      | Reached XP level 2. HP: 20/21 MP: 2/2
   931 | D:1      | Reached XP level 3. HP: 22/26 MP: 3/3
  1204 | D:2      | Noticed Jessica
  1213 | D:2      | Killed Jessica
  1427 | D:2      | Noticed Natasha
  1432 | D:2      | Noticed Sigmund
  1435 | D:2      | Killed Natasha
  1436 | D:2      | Reached XP level 4. HP: 33/33 MP: 4/4
  1446 | D:2      | Killed Sigmund
  1447 | D:2      | Reached skill level 5 in Axes
  1447 | D:2      | Reached XP level 5. HP: 9/38 MP: 5/5
  1447 | D:2      | Reached XP level 6. HP: 11/44 MP: 6/6
  1942 | D:2      | Noticed Natasha
  1946 | D:2      | Killed Natasha
  2015 | D:2      | Noticed Natasha
  2019 | D:2      | Killed Natasha
  2448 | D:3      | Found a runed translucent gate.
  2448 | D:3      | Found a runed translucent gate.
  2448 | D:3      | Found a runed translucent gate.
  2448 | D:3      | Noticed Mandevil's ghost (amateur OpBe)
  3235 | D:4      | Reached XP level 7. HP: 49/49 MP: 7/7
  3481 | D:4      | Identified the +3 robe of Zysogg {Regen+ Str-4 Int+4
                  | Stlth+}
  3545 | D:4      | Reached skill level 5 in Fighting
  3909 | D:4      | HP: 1/50 [gnoll/+0 halberd (6)]
  3909 | D:4      | Slain by an adder skeleton

Illustrated notes

Levels and vault maps discovered:
D:1:      giann_horns, layout_basic, basic_ecumenical_altar
D:2:      layout_loops_ring, uniq_sigmund, uniq_jessica, uniq_natasha
D:3:      layout_basic, gammafunk_ghost_nasty_kobolds,
          kennysheep_cluttered_room, minmay_misc_feat_tower
D:4:      layout_loops_corners, chequers_serial_rivers_micro_d,
          hangedman_glass_teeth, minmay_crystal_room, roderic_lattice_a

Skill      XL: |  1  2  3  4  5  6  7 |
---------------+----------------------+-----
Axes           | 3 5 |  5.9
Fighting       | 4 5 |  5.3
Dodging        | 4 |  4.1
Shields        | 4 |  4.2

Action                   |  1- 3 |  4- 6 |  7- 9 || total
-------------------------+-------+-------+-------++-------
Melee: War axe           |    44 |    54 |    37 ||   135
       Constrict         |     8 |    13 |    14 ||    35
       Tentacles         |     6 |    14 |     9 ||    29
Throw: Dart              |     7 |       |     2 ||     9
Evoke: Wand              |       |       |     2 ||     2
  Use: Scroll            |     3 |     3 |       ||     6
       Potion            |       |     2 |     1 ||     3
 Stab: Sleeping          |     6 |     8 |     1 ||    15
       Distracted        |       |     2 |       ||     2
       Paralysed         |       |       |     3 ||     3
Armor: Skin              |     2 |     3 |     2 ||     7
Dodge: Dodged            |    15 |    10 |    14 ||    39
Block: Kite shield       |    18 |    23 |    16 ||    57

Table legend: (Time is in decaauts)
 A = Elapsed time spent in this place.
 B = Non-inter-level travel time spent in this place.
 C = Inter-level travel time spent in this place.
 D = Time resting spent in this place.
 E = Time spent auto-exploring this place.
 F = Levels seen in this place.
 G = Mean time per level.
                   A        B        C        D        E       F      G
               +--------+--------+--------+--------+--------+-----+--------+
         Total |   3965 |   3896 |     69 |    446 |   2954 |   4 |  991.2 |
       Dungeon |   3965 |   3896 |     69 |    446 |   2954 |   4 |  991.2 |
               +--------+--------+--------+--------+--------+-----+--------+

Top non-repeatable levels by time:
     D:1: 1206 daAuts
     D:2: 1056 daAuts
     D:3: 986 daAuts
     D:4: 715 daAuts
